 Dungeon Crawl Stone Soup version 0.25-a0-992-gca090100c3 (webtiles) character file.

Game seed: 17945505865791976901, levelgen mode: deterministic

46 Flugslaktarn the Skirmisher (level 3, -7/33 HPs)
             Began as a Minotaur Fighter on May 10, 2020.
             Mangled by a hobgoblin
             ... wielding a cursed -2 club
             ... led by Robin
              (12 damage)
             ... on level 2 of the Dungeon.
             The game lasted 00:00:09 (172 turns).

Flugslaktarn the Skirmisher (Minotaur Fighter)       Turns: 172, Time: 00:00:09

Health: -7/33      AC:  7    Str: 20    XL:     3   Next: 44%
Magic:  2/2        EV:  7    Int:  5    God:
Gold:   0          SH:  9    Dex: 10    Spells: 2/2 levels left

rFire    . . .     SeeInvis .   a - +0 war axe
rCold    . . .     Gourm    .   c - +0 kite shield
rNeg     . . .     Faith    .   b - +0 scale mail
rPois    .         Spirit   .   (helmet restricted)
rElec    .         Reflect  .   (no cloak)
rCorr    .         Harm     +   (no gloves)
MR       .....                  (no boots)
Stlth    ..........             f - amulet of harm
HPRegen  0.11/turn              (no ring)
MPRegen  0.08/turn              (no ring)

@: no status effects
A: retaliatory headbutt, horns 2
a: no special abilities


You were on level 2 of the Dungeon.
You were not hungry.

You visited 1 branch of the dungeon, and saw 2 of its levels.

Inventory:

Hand Weapons
 a - a +0 war axe (weapon)
Armour
 b - a +0 scale mail (worn)
 c - a +0 kite shield (worn)
Jewellery
 f - an amulet of harm (around neck)
   (You found it on level 1 of the Dungeon)
Scrolls
 h - 2 scrolls of identify {unknown}
Potions
 d - a potion of might
Comestibles
 e - 3 rations
 g - 2 chunks of flesh


   Skills:
 + Level 4.1 Fighting
 * Level 3.5 Axes
 + Level 4.0 Armour
 + Level 4.0 Shields


You had 2 spell levels left.
You didn't know any spells.
Your spell library was empty.

Dungeon Overview and Level Annotations

Branches:
Dungeon (2/15)

Altars:


Innate Abilities, Weirdness & Mutations

You reflexively headbutt those who attack you in melee.
You have a pair of horns on your head.


Message History

The jackal bites you but does no damage.
The goblin hits you with a +0 dagger.
* * * LOW HITPOINT WARNING * * *
The goblin hits you.
* * * LOW HITPOINT WARNING * * *
You block the jackal's attack.
You are too injured to fight recklessly!
You are too injured to fight recklessly!
You are too injured to fight recklessly!
You are too injured to fight recklessly!
You are too injured to fight recklessly!
You are too injured to fight recklessly!
You are too injured to fight recklessly!
You are too injured to fight recklessly!
You barely miss the goblin.
The goblin is almost dead.
You barely miss the goblin. You hit the jackal. You closely miss the jackal.
You closely miss the hobgoblin. You block the jackal's attack.
The hobgoblin hits you with a cursed -2 club!
You die...

... #. .###.. #..##.
##..... ....## #....#
#...# #####...####
####.#.#.###!.........#
#......<........!.....#
.....#####.....†......#
... ###...gg)....# .
#..##)@h.#....
<......†gh.....#
...........#.###
#.......#.#...#
.....#.......##
...##....... ..
........# ........#


You could see 2 jackals, a hobgoblin (strong) and 2 goblins.

Vanquished Creatures
  Robin (D:2)
  An adder (D:2)
  A worm (D:2)
  A dart slug (D:1)
  A giant cockroach (D:2)
  4 hobgoblins (D:2)
  2 jackals (D:2)
  2 bats (D:1)
  7 goblins (D:2)
  A rat (D:2)
21 creatures vanquished.

Notes
Turn   | Place    | Note
-------+----------+-------------------------------------------
     0 | D:1      | Flugslaktarn the Minotaur Fighter began the quest for the
                  | Orb.
     0 | D:1      | Reached XP level 1. HP: 19/19 MP: 0/0
   108 | D:2      | Reached XP level 2. HP: 22/27 MP: 1/1
   160 | D:2      | Identified the +2 helmet of Unambiguity {rC+ Regen+}
   160 | D:2      | Noticed Robin
   170 | D:2      | Killed Robin
   170 | D:2      | Reached XP level 3. HP: 16/33 MP: 2/2
   172 | D:2      | Mangled by a hobgoblin

Illustrated notes

Levels and vault maps discovered:
D:1:      minmay_arrival_jagged, layout_loops_ring, kennysheep_boxes
D:2:      layout_rooms, old_standard_altar, first_ration,
          nemelex_lonely_heart_becter, uniq_robin

Skill      XL: |  1  2 |
---------------+-------+-----
Axes           | 3 |  3.5
Armour         | 4 |  4.0
Fighting       | 4 |  4.1
Shields        | 4 |  4.0

Action                   || total
-------------------------++-------
Melee: War axe           ||    22
Armor: Scale mail        ||    14
Dodge: Dodged            ||    16
Block: Kite shield       ||    19

Table legend:
 A = Non-vault XP
 B = Vault XP
 C = Vault XP percentage of total XP
 D = Non-vault monster count
 E = Vault monster count
 F = Vault count percentage of total count
                 A         B        C        D         E       F
            +---------+---------+-------+---------+---------+-------
      Total |      34 |      32 |  48.5 |      11 |      10 |  47.6
            +---------+---------+-------+---------+---------+-------
        D:1 |       6 |       0 |   0.0 |       3 |       0 |   0.0
        D:2 |      28 |      32 |  53.3 |       8 |      10 |  55.6
            +---------+---------+-------+---------+---------+-------
